 Dungeon Crawl Stone Soup version 0.24-a0-230-g536ed4e (webtiles) character file.

Game seed: 352213948029161947

131 geeko55 the Magician (level 5, -2/35 HPs)
             Began as a Merfolk Ice Elementalist on Apr 2, 2019.
             Hit by a stone thrown by a gnoll (6 damage)
             ... on level 3 of the Dungeon.
             The game lasted 00:08:44 (2385 turns).

geeko55 the Magician (Merfolk Ice Elementalist)     Turns: 2385, Time: 00:08:45

Health: -2/35      AC:  2    Str:  8    XL:     5   Next: 14%
Magic:  1/12       EV: 13    Int: 20    God:
Gold:   99         SH:  0    Dex: 15    Spells: 7/13 levels left

rFire    . . .     SeeInvis .   a - +2 dagger (venom)
rCold    . . .     Gourm    .   (no shield)
rNeg     + . .     Faith    .   b - +0 robe (curse)
rPois    .         Spirit   .   (no helmet)
rElec    .         Reflect  .   (no cloak)
rCorr    .         Harm     .   (no gloves)
MR       .....                  (no boots)
Stlth    ++........             (no amulet)
HPRegen  0.11/turn              m - +5 ring of intelligence
MPRegen  0.13/turn              n - ring of positive energy

@: berserk cooldown, slowed, very slow
A: change form in water, swift swim, stealthy swim
a: no special abilities


You were on level 3 of the Dungeon.
You were not hungry.

You visited 1 branch of the dungeon, and saw 3 of its levels.

You collected 99 gold pieces.

Inventory:

Hand Weapons
 a - a +2 dagger of venom (weapon)
Armour
 b - a cursed +0 robe (worn)
Jewellery
 m - a +5 ring of intelligence (left hand)
 n - a ring of positive energy (right hand)
Wands
 p - a wand of polymorph (6)
Scrolls
 f - a scroll of random uselessness {unknown}
 g - a scroll of amnesia {unknown}
 l - a scroll of enchant weapon {unknown}
 o - a scroll of fear {unknown}
 q - a scroll of noise {unknown}
Potions
 e - a potion of ambrosia {unknown}
 i - a potion of agility {unknown}
 j - a potion of magic {unknown}
 k - a potion of lignification {unknown}
Comestibles
 c - 6 rations
 h - 3 chunks of flesh


   Skills:
 - Level 2.6 Dodging
 - Level 2.1 Stealth
 * Level 4.8 Spellcasting
 - Level 0.7 Conjurations
 - Level 3.2 Ice Magic


You had 7 spell levels left.
You knew the following spells:

 Your Spells              Type           Power        Failure   Level  Hunger
a - Freeze                Ice            ###.         3%          1    None
b - Throw Frost           Conj/Ice       ##....       8%          2    #......
c - Ozocubu's Armour      Chrm/Ice       ##......     19%         3    ##.....

Your spell library contained the following spells:

 Spells                   Type           Power        Failure   Level  Hunger
 Throw Icicle             Conj/Ice       ##......     45%         4    ####...
 Summon Ice Beast         Ice/Summ       ##......     52%         4    ####...


Dungeon Overview and Level Annotations

Branches:
Dungeon (3/15)

Altars:
Hepliaklqana
Qazlal
Ru


Message History

You feel yourself slow down.
The gnoll throws a stone.
The stone closely misses you.
You shred the net and break free! The gnoll completely misses you.
The gnoll throws a stone.
The stone hits you.
* * * LOW HITPOINT WARNING * * *
The gnoll misses you. The gnoll barely misses you.
The gnoll throws a stone.
The stone hits you but does no damage.
You see here a stone.
The gnoll throws a stone.
The stone closely misses you. The gnoll closely misses you.
The gnoll throws a stone.
The stone barely misses you.
Casting: Freeze (safe; 3% risk of failure)
Confirm with . or Enter, or press ? or * to list all spells.
Aiming: Freeze (safe; 3% risk of failure)
Press: ? - help, Shift-Dir - straight line, f/p - gnoll
Aim: a gnoll, wielding a +0 flail (almost dead)
You freeze the gnoll.
You kill the gnoll!
The gnoll barely misses you.
The gnoll throws a stone.
The stone hits you.
You die...

#.# #..# #.# #..# #.# #..#
#.###### #..# ##.##...#
#..### ##.##.#.##
#..#.#######
....._...####..(.†......
....#.#..........######
###.#..........#@##
....#.....#.....).##
..#.##.#..#......(g#
.)..#.....#.......(#####.###
.#....###.......g..(.)......
.#..#.# #.#........###...###
......# #..........# #.#
<.#.... ....#.....## # ...
.## #.........


You could see 2 gnolls.

Vanquished Creatures
  A worker ant (D:2)
  2 gnolls (D:3)
  3 adders
  3 worms (D:3)
  3 dart slugs
  2 leopard geckos
  3 giant cockroaches
  7 goblins
  2 hobgoblins
  2 jackals (D:2)
  4 kobolds
  2 quokkas
  3 bats
  3 frilled lizards
  5 rats
45 creatures vanquished.

Notes
Turn   | Place    | Note
-------+----------+-------------------------------------------
     0 | D:1      | geeko55 the Merfolk Ice Elementalist began the quest for
                  | the Orb.
     0 | D:1      | Reached XP level 1. HP: 13/13 MP: 3/3
   312 | D:1      | Reached XP level 2. HP: 8/19 MP: 0/5
   538 | D:1      | Learned a level 2 spell: Throw Frost
   740 | D:1      | Reached skill level 3 in Spellcasting
  1025 | D:2      | Reached XP level 3. HP: 24/24 MP: 3/7
  1408 | D:2      | Reached skill level 4 in Spellcasting
  1408 | D:2      | Reached XP level 4. HP: 30/30 MP: 3/10
  1553 | D:2      | Found a stormy altar of Qazlal.
  2121 | D:3      | Found a sacrificial altar of Ru.
  2134 | D:3      | Learned a level 3 spell: Ozocubu's Armour
  2172 | D:3      | Found a hazy altar of Hepliaklqana.
  2370 | D:3      | Reached XP level 5. HP: 35/35 MP: 3/12
  2385 | D:3      | Hit by a stone thrown by a gnoll

Levels and vault maps discovered:
D:1:      lightli_arrival_chessboard, layout_basic
D:2:      layout_basic, grunt_qazlal_clouds
D:3:      layout_loops_ring, overflow_temple_1_default, lemuel_crystal_altar,
          minmay_fractal_squares_5

Skill      XL: |  1  2  3 |
---------------+----------+-----
Spellcasting   | 3 4 |  4.8
Dodging        | |  2.6
Stealth        | |  2.1
Conjurations   | |  0.7
Ice Magic      | |  3.2

Action                   |  1- 3 |  4- 6 || total
-------------------------+-------+-------++-------
Melee: Club              |    17 |       ||    17
       Dagger            |     9 |    30 ||    39
 Cast: Freeze            |    30 |    15 ||    45
       Throw Frost       |     3 |     9 ||    12
       Ozocubu's Armour  |       |     1 ||     1
  Use: Scroll            |       |     4 ||     4
       Potion            |       |     1 ||     1
 Stab: Sleeping          |     8 |     1 ||     9
  Eat: Chunk             |     2 |     3 ||     5
Armor: Robe              |     8 |     2 ||    10
Dodge: Dodged            |    32 |    31 ||    63

Table legend:
 A = Non-vault XP
 B = Vault XP
 C = Vault XP percentage of total XP
 D = Non-vault monster count
 E = Vault monster count
 F = Vault count percentage of total count
                 A         B        C        D         E       F
            +---------+---------+-------+---------+---------+-------
      Total |     172 |      16 |   8.5 |      40 |       5 |  11.1
            +---------+---------+-------+---------+---------+-------
        D:1 |      30 |       0 |   0.0 |      16 |       0 |   0.0
        D:2 |      77 |       0 |   0.0 |      16 |       0 |   0.0
        D:3 |      65 |      16 |  19.8 |       8 |       5 |  38.5
            +---------+---------+-------+---------+---------+-------
